 Dungeon Crawl Stone Soup version 0.31-a0-986-g5e6e4ef867 (webtiles) character file.

Game seed: 15118529992231763177

3134 AppTheSpectato the Grappler (level 9, -4/92 HPs)
             Began as a Troll Shapeshifter on Nov 7, 2023.
             Was a Follower of Trog.
             Slain by a yak (15 damage)
             ... on level 8 of the Dungeon on Nov 8, 2023.
             The game lasted 00:15:24 (5711 turns).

AppTheSpectato the Grappler (Troll Shapeshifter)    Turns: 5711, Time: 00:15:25

Health: -4/92      AC:  6    Str: 28    XL:     9   Next: 61%
Magic:  8/8        EV:  9    Int:  6    God:    Trog [*.....]
Gold:   454        SH:  0    Dex:  9    Spells: 8/8 levels left

rFire   . .          .
                       - Unarmed
rCold   + . .        (no shield)
rNeg    + . .        p - +2 robe {rN+}
rPois   .            (helmet currently unavailable)
rElec   .            (cloak currently unavailable)
rCorr   +            (gloves unavailable)
SInv    .            (boots unavailable)
Will    .....        (no amulet)
Stlth   +            E - ring of resist corrosion
HPRegen 1.15/turn    i - ring of protection from cold
MPRegen 0.11/turn

%: no passive effects
@: beast-form
A: beast (slay +4), large, unfitting armour, claws 3, regeneration 1, shaggy fur
1, tough skin 1
a: Begin Untransformation, Renounce Religion, Berserk


You were on level 8 of the Dungeon.
You worshipped Trog.
Trog was aware of your devotion.
You were a hulking beast.
You visited 2 branches of the dungeon, and saw 9 of its levels.
You also visited: Ossuary.

You collected 454 gold pieces.

Inventory:

Missiles
 j - 6 javelins
Armour
 p - a +2 robe of positive energy (worn)
Jewellery
 i - a ring of protection from cold (right claw)
 E - a ring of resist corrosion (left claw)
Talismans
 c - a beast talisman (active)
 d - a flux talisman
 z - a blade talisman
Wands
 k - a wand of paralysis (31)
 l - a wand of flame (24)
 u - a wand of mindburst (17)
 A - a wand of roots (9)
Scrolls
 a - 4 scrolls of teleportation {unknown}
 e - a scroll of brand weapon {unknown}
 f - a scroll of blinking {unknown}
 n - a scroll of fear
 o - 3 scrolls of revelation {unknown}
 r - 2 scrolls of torment {unknown}
 s - a scroll of enchant weapon {unknown}
 v - a scroll of amnesia {unknown}
 w - 4 scrolls of vulnerability {unknown}
 y - a scroll of fog
 D - a scroll of poison {unknown}
Potions
 b - 2 potions of lignification
 g - 3 potions of curing
 h - 3 potions of degeneration
 m - 3 potions of attraction
 q - a potion of might
 x - a potion of mutation
 B - a potion of invisibility
 C - 2 potions of haste


   Skills:
 + Level 6.6 Fighting
 - Level 1.5 Dodging
 + Level 8.4 Unarmed Combat
 + Level 7.7 Shapeshifting


You had 8 spell levels left.
You didn't know any spells.
Your spell library contained the following spells:

 Spells                   Type           Power      Damage    Failure   Level
 Apportation              Tloc           0%         N/A       45%         1
 Shock                    Conj/Air       0%         1d3       45%         1
 Blink                    Tloc           0%         N/A       58%         2
 Jinxbite                 Hex            0%         N/A       58%         2
 Swiftness                Air            0%         N/A       83%         3
 Airstrike                Air            0%         2d(0-16)  99%         4
 Manifold Assault         Tloc           0%         N/A       99%         4
 Alistair's Intoxication  Tmut/Pois      0%         N/A       100%        5


Dungeon Overview and Level Annotations

Branches:
Dungeon (8/15)             Temple (1/1) D:6         Ossuary (visited)
   Lair: D:8-11

Altars:
Ashenzari
Cheibriados
Dithmenos
Elyvilon
Gozag
Hepliaklqana
Kikubaaqudgha
Makhleb
Nemelex Xobeh
Okawaru
Qazlal
Sif Muna
Trog
Uskayaw
Vehumet
Wu Jian
Xom
Yredelemnul
Zin
The Shining One

Annotations:
D:4 3 runed translucent doors, bakla's ghost, amateur KoHu


Innate Abilities, Weirdness & Mutations

You are a hulking beast.
Your limbs bulge with bestial killing power. (Slay +4)
You are too large for most types of armour.
You have claws for hands.
Your natural rate of healing is unusually fast.
You are covered in fur. (AC +1)
You have tough skin. (AC +1)


Message History

The yak attacks as it pursues you! The yak gores you but does no damage.
You scratch the yak.
The yak is lightly wounded.
You claw the yak! x2
The yak is severely wounded.
The yak completely misses you. The yak gores you. The yak gores you!
You closely miss the yak.
The yak is severely wounded.
The yak barely misses you. x3
You claw the yak!
You kill the yak!
Trog accepts your kill. The yak gores you but does no damage.
The yak gores you.
You see here a yak corpse.
The yak attacks as it pursues you! The yak gores you!
The yak attacks as it pursues you! The yak gores you but does no damage.
The yak attacks as it pursues you! The yak barely misses you.
The yak attacks as it pursues you! The yak gores you.
The white imp shouts, "Scamper away, thou simpering ill-breeding nobody!"
The yak attacks as it pursues you! The yak gores you.
You scratch the yak.
The yak is lightly wounded.
The yak gores you.
A yak comes into view.
You barely miss the yak.
The yak bellows!
You claw the yak.
The yak is lightly wounded.
The yak gores you!
* * * LOW HITPOINT WARNING * * *
The yak gores you!
* * * LOW HITPOINT WARNING * * *
Okay, then.
The yak gores you!
* * * LOW HITPOINT WARNING * * *
The yak gores you!
* * * LOW HITPOINT WARNING * * *
Okay, then.
You feel better. The yak gores you!
You die...

###....# ##....#
##......###.....
#......###..#..#.#.......#
##....
#..#.......#.............#
#####
.####.....##.###.#.......#
#...................###
#.......Y5.####.#...##
#......##..Y###.#....##
#......##.#oY#........#
####.#.....YYh...)....#
#.####.####........## #.
### ######....## ..
###...#### #......#
#......# #.....># #......#
#......#


You could see 5 yaks, a white imp and an orc.

Vanquished Creatures
  Pikel (D:4)
  2 yaks (D:8)
  2 black bears
  2 sky beasts (D:7)
  Blork the orc (D:4)
  A kobold brigand (D:6)
  2 scorpions
  2 gnoll sergeants (D:7)
  A water moccasin zombie (Ossuary)
  10 wights
  4 killer bees (D:8)
  A howler monkey (D:6)
  2 centaur zombies (Ossuary)
  2 bullfrog zombies (Ossuary)
  2 jellies (D:6)
  An orc priest (D:6)
  2 hounds
  2 iguanas
  2 sleepcaps
  Jessica (D:2)
  5 orc wizards
  A scorpion zombie (Ossuary)
  An ogre zombie (Ossuary)
  7 gnolls (D:7)
  5 adders
  A shadow imp (D:5)
  A white imp (D:7)
  4 adder zombies (Ossuary)
  2 worms
  7 dart slugs
  31 orcs
  5 endoplasms (D:1)
  6 giant cockroaches
  3 gnoll zombies (Ossuary)
  7 goblins
  8 hobgoblins
  10 jackals
  2 quokkas
  7 ball pythons
  6 bats
  A frilled lizard (D:2)
  2 goblin zombies (Ossuary)
  5 hobgoblin zombies (Ossuary)
  6 kobolds
  4 orc zombies (Ossuary)
  A quokka zombie (D:4)
  3 rats (D:2)
  A rat zombie (D:4)
185 creatures vanquished.

Notes
Turn   | Place    | Note
-------+----------+-------------------------------------------
     0 | D:1      | AppTheSpectato the Troll Shapeshifter began the quest for
                  | the Orb.
     0 | D:1      | Reached XP level 1. HP: 18/18 MP: 0/0
    84 | D:1      | Reached skill level 1 in Fighting
   124 | D:1      | Reached XP level 2. HP: 27/27 MP: 1/1
   415 | D:1      | Reached XP level 3. HP: 33/33 MP: 2/2
  1332 | D:2      | Noticed Jessica
  1350 | D:2      | Killed Jessica
  1351 | D:2      | Reached XP level 4. HP: 42/42 MP: 3/3
  1836 | D:3      | Reached skill level 4 in Unarmed Combat
  2016 | D:3      | Reached XP level 5. HP: 44/50 MP: 4/4
  2289 | D:4      | Noticed Pikel
  2289 | D:4      | Noticed a lemure
  2290 | D:4      | Noticed a lemure
  2292 | D:4      | Noticed a lemure
  2297 | D:4      | Killed Pikel
  2298 | D:4      | Reached skill level 5 in Unarmed Combat
  2298 | D:4      | Reached skill level 5 in Shapeshifting
  2298 | D:4      | Reached XP level 6. HP: 58/62 MP: 5/5
  2298 | D:4      | Reached XP level 7. HP: 64/68 MP: 6/6
  2367 | D:4      | Found a runed translucent gate.
  2368 | D:4      | Found a runed translucent gate.
  2369 | D:4      | Noticed bakla's ghost (amateur KoHu)
  2370 | D:4      | Found a runed translucent gate.
  2578 | D:4      | Found a sand-covered staircase.
  2586 | Ossuary  | Entered an ossuary
  2654 | Ossuary  | Reached skill level 6 in Unarmed Combat
  2708 | Ossuary  | Reached XP level 8. HP: 71/79 MP: 7/7
  2744 | Ossuary  | Noticed a silent spectre
  2850 | D:4      | Noticed Blork the orc
  2859 | D:4      | Killed Blork the orc
  3259 | D:5      | Entered Level 5 of the Dungeon
  3695 | D:5      | Found a sparkling altar of Nemelex Xobeh.
  3751 | D:5      | Found a stormy altar of Qazlal.
  3806 | D:5      | Found an ornate altar of the Wu Jian Council.
  3910 | D:6      | Reached skill level 5 in Fighting
  4132 | D:6      | Found a staircase to the Ecumenical Temple.
  4181 | Temple   | Entered the Ecumenical Temple
  4332 | D:6      | Reached skill level 7 in Unarmed Combat
  4551 | D:6      | Found a white marble altar of Elyvilon.
  4551 | D:6      | Found a glowing silver altar of Zin.
  4551 | D:6      | Found a glowing golden altar of the Shining One.
  4642 | D:7      | Reached XP level 9. HP: 13/89 MP: 8/8
  4776 | D:7      | Found a bloodstained altar of Trog.
  4776 | D:7      | Found a burning altar of Makhleb.
  4780 | D:7      | Became a worshipper of Trog the Wrathful
  4977 | D:7      | Reached skill level 8 in Unarmed Combat
  5534 | D:8      | Reached * piety under Trog
  5710 | D:8      | HP: 2/92 [yak (7)]
  5711 | D:8      | Slain by a yak

Illustrated notes

Levels and vault maps discovered:
D:1:      ebering_trefoil_twist, layout_loops_corners, moated_statue
D:2:      kennysheep_big_flooded_room, layout_basic, minmay_split_cup_small,
          uniq_jessica
D:3:      layout_loops_ring
D:4:      layout_loops_ring, gammafunk_ghost_nasty_kobolds, enter_ossuary_4,
          uniq_blork_the_orc, uniq_pikel
D:5:      layout_basic, nzn_wu_jian_council_hall, mainiacjoe_overflow_two_lobes
D:6:      layout_rooms, dreamdust_divine_triumvirate, temple_pool_b
D:7:      layout_basic, mainiacjoe_overflow_divided_tiny,
          nicolae_houndstooth_variations
D:8:      hellmonk_destroyed_diamonds, layout_rooms
Temple:   nicolae_temple_bog_church

Skill      XL: |  1  2  3  4  5  6  7  8  9 |
---------------+----------------------------+-----
Fighting       | 1 2 3 4 5 6 |  6.6
Unarmed Combat | 4 5 6 7 8 |  8.4
Shapeshifting  | 5 6 7 |  7.7
Dodging        | |  1.5

Action                     |  1- 3 |  4- 6 |  7- 9 || total
---------------------------+-------+-------+-------++-------
  Melee: Unarmed           |    77 |    60 |   342 ||   479
         Punch             |       |       |    13 ||    13
    Use: Scroll            |       |     2 |     9 ||    11
         Potion            |       |       |     3 ||     3
   Stab: Distracted        |       |       |     1 ||     1
 Armour: Animal skin       |    40 |       |       ||    40
         Robe              |       |    38 |   351 ||   389
  Dodge: Dodged            |    32 |    25 |   154 ||   211
   Form: Beast             |       |       |     1 ||     1
         Flux              |       |       |     1 ||     1

Table legend: (Time is in decaauts)
 A = Elapsed time spent in this place.
 B = Non-inter-level travel time spent in this place.
 C = Inter-level travel time spent in this place.
 D = Time resting spent in this place.
 E = Time spent auto-exploring this place.
 F = Levels seen in this place.
 G = Mean time per level.
                   A        B        C        D        E       F      G
               +--------+--------+--------+--------+--------+-----+--------+
         Total |   5675 |   5297 |    378 |    247 |   3955 |  10 |  567.5 |
       Dungeon |   5355 |   5069 |    286 |    211 |   3884 |   8 |  669.4 |
        Temple |    106 |     14 |     92 |     12 |      0 |   1 |  106.0 |
       Ossuary |    213 |    213 |      0 |     24 |     71 |   1 |  213.0 |
               +--------+--------+--------+--------+--------+-----+--------+

Top non-repeatable levels by time:
     D:7: 900 daAuts
     D:1: 852 daAuts
     D:5: 775 daAuts
     D:2: 767 daAuts
     D:4: 740 daAuts
     D:3: 665 daAuts
     D:6: 467 daAuts
 Ossuary: 213 daAuts
     D:8: 186 daAuts
  Temple: 106 daAuts
